3AA
TACOMA FUR TRADERS @ SAN ANTONIO BC
08/17/2021
 
TOP OF THE 1ST
Tacoma Fur Traders batting - Pitching for San Antonio BC : LHP Francisco Mora
Pitching: LHP Francisco Mora
Batting: RHB Tony Romero 0-0: Bunt for hit - play at first, batter OUT! 1-3
Batting: RHB Mike Daniels 0-0: Called Strike
0-1: Called Strike
0-2: Foul Ball, location: 2F
0-2: Ball
1-2: Ball
2-2: Foul Ball, location: 2F
2-2: Foul Ball, location: 2F
2-2: SINGLE (Line Drive, 56D)
Batting: LHB Jim Unknown 0-0: Called Strike
Mike Daniels is caught stealing 2nd base
0-1: Foul Ball, location: 2F
0-2: Ball
Reached via error on a dropped throw, E3
Batting: RHB Mario Castillo 0-0: Ball
1-0: Called Strike
1-1: Foul Ball, location: 2F
1-2: SINGLE (Groundball, 6M)
Jim Unknown to second
Runner from 2nd tries for 3rd, SAFE, no throw or cutoff
Batting: RHB Cristo González Balk!
Jim Unknown scores
Mario Castillo to second
0-0: Ball
1-0: Ball
2-0: SINGLE (Line Drive, 8RS)
Mario Castillo to third
Batting: RHB Gonzalo Manuel 0-0: Swinging Strike
0-1: Ball
1-1: Ball
2-1: Swinging Strike
2-2: Foul Ball, location: 2F
2-2: Ball
3-2: Base on Balls
Cristo González to second
Batting: RHB Jim Unknown 0-0: Foul Ball, location: 2F
0-1: SINGLE (Flyball, 8LM)
Mario Castillo scores
Cristo González to third
Gonzalo Manuel to second
Runner from 3rd tries for Home, SAFE, no throw or cutoff
Batting: LHB Jim Unknown 0-0: Called Strike
0-1: Foul Ball, location: 2F
0-2: Ball
1-2: Strikes out swinging
Top of the 1st over - 3 run(s), 4 hit(s), 1 error(s), 2 left on base; Tacoma 3 - San Antonio 0
BOTTOM OF THE 1ST
San Antonio BC batting - Pitching for Tacoma Fur Traders : RHP Jon Dunn
Pitching: RHP Jon Dunn
Batting: RHB José Muńóz 0-0: Called Strike
0-1: SINGLE (Groundball, 6M)
Batting: LHB Jim Unknown 0-0: Called Strike
José Muńóz is caught stealing 2nd base
0-1: Ball
1-1: Fly out, F5 (Popup, 5S)
Batting: SHB Lionel Merlet 0-0: SINGLE (Groundball, 34D)
Batting: LHB António Rivera 0-0: Fielders Choice at 2nd, U4 (Groundball, 4M)
Bottom of the 1st over - 0 run(s), 2 hit(s), 0 error(s), 1 left on base; Tacoma 3 - San Antonio 0
TOP OF THE 2ND
Tacoma Fur Traders batting - Pitching for San Antonio BC : LHP Francisco Mora
Batting: RHB Ronald Hines 0-0: Called Strike
0-1: Called Strike
0-2: Foul Ball, location: 2F
0-2: Foul Ball, location: 2F
0-2: Ball
1-2: Ball
2-2: Ground out U3 (Groundball, 3S)
Batting: RHB Tony Romero 0-0: SINGLE (Groundball, 56D)
Batting: RHB Mike Daniels 0-0: Ball
1-0: Ball
2-0: Foul Ball, location: 2F
2-1: Swinging Strike
2-2: Ball
3-2: Foul Ball, location: 2F
3-2: Strikes out swinging
Batting: LHB Jim Unknown 0-0: Ball
1-0: Ball
2-0: SINGLE (Groundball, 34D)
Tony Romero to second
Runner from 2nd tries for 3rd, SAFE, no throw or cutoff
Batting: RHB Mario Castillo 0-0: Ball
1-0: Ball
2-0: Ball
3-0: Called Strike
3-1: Foul Ball, location: 2F
3-2: Strikes out swinging
Top of the 2nd over - 0 run(s), 2 hit(s), 0 error(s), 2 left on base; Tacoma 3 - San Antonio 0
BOTTOM OF THE 2ND
San Antonio BC batting - Pitching for Tacoma Fur Traders : RHP Jon Dunn
Batting: RHB Jim Unknown 0-0: Ball
1-0: Called Strike
1-1: Ball
2-1: Ball
3-1: Base on Balls
Batting: RHB Micah Miller 0-0: Ball
1-0: Ball
2-0: Called Strike
2-1: Foul Ball, location: 2F
2-2: Foul Ball, location: 2F
2-2: Ball
3-2: Base on Balls
Jim Unknown to second
Batting: RHB Bobby Buck 0-0: Grounds into double play, 4-6-3 (Groundball, 4)
Jim Unknown to third
Batting: RHB António Alvarado 0-0: Fly out, F7 (Flyball, 7S)
Bottom of the 2nd over - 0 run(s), 0 hit(s), 0 error(s), 1 left on base; Tacoma 3 - San Antonio 0
TOP OF THE 3RD
Tacoma Fur Traders batting - Pitching for San Antonio BC : LHP Francisco Mora
Batting: RHB Cristo González 0-0: Ball
1-0: Called Strike
1-1: Ball
2-1: Foul Ball, location: 2F
2-2: Foul Ball, location: 2F
2-2: Strikes out swinging
Batting: RHB Gonzalo Manuel 0-0: Ball
1-0: Called Strike
1-1: Fly out, F7 (Flyball, 7M)
Batting: RHB Jim Unknown 0-0: Ball
1-0: Foul Ball, location: 2F
1-1: Fly out, F9 (Flyball, 9S)
Top of the 3rd over - 0 run(s), 0 hit(s), 0 error(s), 0 left on base; Tacoma 3 - San Antonio 0
BOTTOM OF THE 3RD
San Antonio BC batting - Pitching for Tacoma Fur Traders : RHP Jon Dunn
Batting: RHB Morton Kelly 0-0: Ball
1-0: Fly out, F7 (Line Drive, 7M)
Batting: RHB José Muńóz 0-0: Ball
1-0: Ball
2-0: DOUBLE (Line Drive, 7LM)
Batting: LHB Jim Unknown 0-0: Ground out 4-3 (Groundball, 4M)
José Muńóz to third
Batting: SHB Lionel Merlet 0-0: Ground out 5-3 (Groundball, 56)
Bottom of the 3rd over - 0 run(s), 1 hit(s), 0 error(s), 1 left on base; Tacoma 3 - San Antonio 0
TOP OF THE 4TH
Tacoma Fur Traders batting - Pitching for San Antonio BC : LHP Francisco Mora
Batting: LHB Jim Unknown 0-0: Called Strike
0-1: Ground out 1-3 (Groundball, 13)
Batting: RHB Ronald Hines 0-0: Called Strike
0-1: Swinging Strike
0-2: Strikes out looking
Batting: RHB Tony Romero 0-0: SINGLE (Line Drive, 4M)
Batting: RHB Mike Daniels 0-0: Ball
Tony Romero is caught stealing 2nd base
Top of the 4th over - 0 run(s), 1 hit(s), 0 error(s), 0 left on base; Tacoma 3 - San Antonio 0
BOTTOM OF THE 4TH
San Antonio BC batting - Pitching for Tacoma Fur Traders : RHP Jon Dunn
Batting: LHB António Rivera 0-0: Called Strike
0-1: Ground out 3-1 (Groundball, 34)
Batting: RHB Jim Unknown 0-0: Ball
1-0: SINGLE (Groundball, 4MD)
Batting: RHB Micah Miller 0-0: Called Strike
0-1: Ball
1-1: Called Strike
1-2: Strikes out swinging
Batting: RHB Bobby Buck 0-0: Foul Ball, location: 2F
0-1: Ball
1-1: Foul Ball, location: 2F
1-2: Ball
2-2: Ball
3-2: Fly out, F8 (Line Drive, 8LM)
Bottom of the 4th over - 0 run(s), 1 hit(s), 0 error(s), 1 left on base; Tacoma 3 - San Antonio 0
TOP OF THE 5TH
Tacoma Fur Traders batting - Pitching for San Antonio BC : LHP Francisco Mora
Batting: RHB Mike Daniels 0-0: Called Strike
0-1: Foul Ball, location: 2F
0-2: Foul Ball, location: 2F
0-2: Strikes out looking
Batting: LHB Jim Unknown 0-0: Called Strike
0-1: Ball
1-1: Foul Ball, location: 2F
1-2: Foul Ball, location: 2F
1-2: Ball
2-2: Foul Ball, location: 2F
2-2: SINGLE (Groundball, 6MD) (infield hit)
Batting: RHB Mario Castillo 0-0: Called Strike
0-1: Ball
1-1: Grounds into double play, 4-6-3 (Groundball, 4)
Top of the 5th over - 0 run(s), 1 hit(s), 0 error(s), 0 left on base; Tacoma 3 - San Antonio 0
BOTTOM OF THE 5TH
San Antonio BC batting - Pitching for Tacoma Fur Traders : RHP Jon Dunn
Batting: RHB António Alvarado 0-0: Called Strike
0-1: Ball
1-1: Ball
2-1: Foul Ball, location: 2F
2-2: Ball
3-2: Fly out, F6 (Popup, 56D)
Batting: RHB Morton Kelly 0-0: Foul Ball, location: 2F
0-1: Ball
1-1: Ball
2-1: Foul Ball, location: 2F
2-2: SINGLE (Line Drive, 89S)
Batting: RHB José Muńóz 0-0: Ball
1-0: Swinging Strike
1-1: Ball
2-1: Fly out, F6 (Popup, 4MD)
Batting: LHB Jim Unknown 0-0: Fly out, F6 (Line Drive, 6)
Bottom of the 5th over - 0 run(s), 1 hit(s), 0 error(s), 1 left on base; Tacoma 3 - San Antonio 0
TOP OF THE 6TH
Tacoma Fur Traders batting - Pitching for San Antonio BC : LHP Francisco Mora
Batting: RHB Cristo González 0-0: Ball
1-0: Called Strike
1-1: Swinging Strike
1-2: Foul Ball, location: 2F
1-2: Ball
2-2: Ground out 1-3 (Groundball, 15)
Batting: RHB Gonzalo Manuel 0-0: Ball
1-0: Swinging Strike
1-1: Swinging Strike
1-2: Foul Ball, location: 2F
1-2: Ball
2-2: Strikes out swinging
Batting: RHB Jim Unknown 0-0: Ball
1-0: Ball
2-0: Ball
3-0: Called Strike
3-1: Foul Ball, location: 2F
3-2: Strikes out swinging
Top of the 6th over - 0 run(s), 0 hit(s), 0 error(s), 0 left on base; Tacoma 3 - San Antonio 0
BOTTOM OF THE 6TH
San Antonio BC batting - Pitching for Tacoma Fur Traders : RHP Jon Dunn
Batting: SHB Lionel Merlet 0-0: Called Strike
0-1: Fly out, F8 (Flyball, 8RD)
Batting: LHB António Rivera 0-0: Called Strike
0-1: Ground out U3 (Groundball, 3S)
Batting: RHB Jim Unknown 0-0: Called Strike
0-1: Ball
1-1: Ball
2-1: Called Strike
2-2: SINGLE (Groundball, 6D)
Batting: RHB Micah Miller 0-0: Swinging Strike
0-1: Called Strike
0-2: Ball
1-2: Ball
2-2: Ball
3-2: Foul Ball, location: 2F
3-2: DOUBLE (Line Drive, 7LS)
Jim Unknown to third
Jim Unknown scores
Batting: RHB Bobby Buck 0-0: Ball
1-0: Ground out 4-3 (Groundball, 4)
Bottom of the 6th over - 1 run(s), 2 hit(s), 0 error(s), 1 left on base; Tacoma 3 - San Antonio 1
TOP OF THE 7TH
Tacoma Fur Traders batting - Pitching for San Antonio BC : LHP Francisco Mora
Batting: LHB Jim Unknown 0-0: Ball
1-0: Fly out, F5 (Popup, 2L)
Batting: RHB Ronald Hines 0-0: Swinging Strike
0-1: Ball
1-1: Ball
2-1: Ground out 5-3 (Groundball, 5S)
Batting: RHB Tony Romero 0-0: Fly out, F9 (Line Drive, 9S)
Top of the 7th over - 0 run(s), 0 hit(s), 0 error(s), 0 left on base; Tacoma 3 - San Antonio 1
BOTTOM OF THE 7TH
San Antonio BC batting - Pitching for Tacoma Fur Traders : RHP Jon Dunn
Batting: RHB António Alvarado 0-0: Ball
1-0: Foul Ball, location: 2F
1-1: Called Strike
1-2: Foul Ball, location: 2F
1-2: Foul Ball, location: 2F
1-2: Ball
2-2: Ball
3-2: Base on Balls
Batting: RHB Morton Kelly 0-0: Ball
1-0: Ball
2-0: Bunted foul
2-1: Sac Bunt - play at first, batter OUT! 1-4
António Alvarado to second
Batting: RHB José Muńóz 0-0: Ball
1-0: SINGLE (Groundball, 56D)
António Alvarado to third
Batting: LHB Jim Unknown 0-0: Ball
José Muńóz steals 2nd base
1-0: Foul Ball, location: 2F
1-1: SINGLE (Groundball, 34D)
António Alvarado scores
José Muńóz to third
Runner from 3rd tries for Home, SAFE, no throw or cutoff
Batting: SHB Lionel Merlet 0-0: Fly out, F9 (Line Drive, 9S)
Batting: LHB António Rivera 0-0: Swinging Strike
0-1: Ground out 5-3 (Groundball, 56S)
Bottom of the 7th over - 2 run(s), 2 hit(s), 0 error(s), 1 left on base; Tacoma 3 - San Antonio 3
TOP OF THE 8TH
Tacoma Fur Traders batting - Pitching for San Antonio BC : LHP Francisco Mora
Batting: RHB Mike Daniels 0-0: Called Strike
0-1: SINGLE (Groundball, 34D)
Pinch Hitting: RHB Andre Dixon 0-0: Ball
1-0: Foul Ball, location: 2F
1-1: Swinging Strike
1-2: Fly out, F9 (Line Drive, 9S)
Batting: RHB Mario Castillo 0-0: Ball
1-0: Ball
2-0: Foul Ball, location: 2F
2-1: Called Strike
2-2: Fly out, F8 (Flyball, 8RM)
Batting: RHB Cristo González 0-0: Ball
1-0: Ball
2-0: Called Strike
2-1: Fielders Choice at 2nd, 5-4 (Groundball, 56)
Top of the 8th over - 0 run(s), 1 hit(s), 0 error(s), 0 left on base; Tacoma 3 - San Antonio 3
BOTTOM OF THE 8TH
San Antonio BC batting - Pitching for Tacoma Fur Traders : RHP Jon Dunn
Now in RF: Jim Unknown
Batting: RHB Jim Unknown 0-0: Foul Ball, location: 2F
0-1: Swinging Strike
0-2: Fly out, F4 (Popup, 4)
Batting: RHB Micah Miller 0-0: Ball
1-0: Ball
2-0: Ground out 4-3 (Groundball, 4M)
Batting: RHB Bobby Buck 0-0: Foul Ball, location: 2F
0-1: Foul Ball, location: 2F
0-2: SINGLE (Groundball, 56D)
Batting: RHB António Alvarado 0-0: Foul Ball, location: 2F
0-1: Ball
1-1: Foul Ball, location: 2F
1-2: Ball
2-2: Strikes out swinging
Bottom of the 8th over - 0 run(s), 1 hit(s), 0 error(s), 1 left on base; Tacoma 3 - San Antonio 3
TOP OF THE 9TH
Tacoma Fur Traders batting - Pitching for San Antonio BC : LHP Francisco Mora
Batting: RHB Gonzalo Manuel 0-0: Ground out 6-3 (Groundball, 6)
Batting: RHB Jim Unknown 0-0: Ground out 4-3 (Groundball, 4M)
Pinch Hitting: RHB Rex Long 0-0: Called Strike
0-1: Ball
1-1: DOUBLE (Groundball, 5L)
Pitching: RHP Mike Lindsay
Batting: RHB Ronald Hines 0-0: Called Strike
0-1: Foul Ball, location: 2F
0-2: Strikes out looking
Top of the 9th over - 0 run(s), 1 hit(s), 0 error(s), 1 left on base; Tacoma 3 - San Antonio 3
BOTTOM OF THE 9TH
San Antonio BC batting - Pitching for Tacoma Fur Traders : RHP Jon Dunn
Now at 1B: Jim Unknown
Batting: RHB Morton Kelly 0-0: Ball
1-0: Ball
2-0: Called Strike
2-1: Foul Ball, location: 2F
2-2: Ground out 6-3 (Groundball, 6S)
Batting: RHB José Muńóz 0-0: Swinging Strike
0-1: Ball
1-1: Fly out, F8 (Flyball, 8LS)
Batting: LHB Jim Unknown 0-0: SINGLE (Line Drive, 89S)
Pitching: RHP Jim Unknown
Pinch Runner at 1st Ludovico Trezza:
Batting: SHB Lionel Merlet 0-0: Ball
1-0: Ball
2-0: Foul Ball, location: 2F
2-1: Foul Ball, location: 2F
2-2: Strikes out looking
Bottom of the 9th over - 0 run(s), 1 hit(s), 0 error(s), 1 left on base; Tacoma 3 - San Antonio 3
TOP OF THE 10TH
Tacoma Fur Traders batting - Pitching for San Antonio BC : RHP Mike Lindsay
Now at 2B: Ludovico Trezza
Batting: RHB Tony Romero 0-0: Ground out 6-3 (Groundball, 6)
Batting: RHB Mike Daniels 0-0: Ball
1-0: Foul Ball, location: 2F
1-1: Foul Ball, location: 2F
1-2: Ball
2-2: Fly out, F2 (Popup, 3SF)
Batting: LHB Jim Unknown 0-0: Ball
1-0: Ball
2-0: Ball
3-0: Called Strike
3-1: Called Strike
3-2: Foul Ball, location: 2F
3-2: Base on Balls
Batting: RHB Mario Castillo 0-0: Called Strike
0-1: Fly out, F6 (Line Drive, 6D)
Top of the 10th over - 0 run(s), 0 hit(s), 0 error(s), 1 left on base; Tacoma 3 - San Antonio 3
BOTTOM OF THE 10TH
San Antonio BC batting - Pitching for Tacoma Fur Traders : RHP Jim Unknown
Batting: LHB António Rivera 0-0: Ball
1-0: Called Strike
1-1: Ball
2-1: Ground out 4-3 (Groundball, 34D)
Batting: RHB Jim Unknown 0-0: Ball
1-0: Ground out 6-3 (Groundball, 6M)
Batting: RHB Micah Miller 0-0: Called Strike
0-1: Foul Ball, location: 2F
0-2: Ground out 1-3 (Groundball, 23)
Bottom of the 10th over - 0 run(s), 0 hit(s), 0 error(s), 0 left on base; Tacoma 3 - San Antonio 3
TOP OF THE 11TH
Tacoma Fur Traders batting - Pitching for San Antonio BC : RHP Mike Lindsay
Batting: RHB Cristo González 0-0: Ball
1-0: Swinging Strike
1-1: Fly out, F9 (Flyball, 89M)
Batting: RHB Gonzalo Manuel 0-0: Called Strike
0-1: Called Strike
0-2: Ball
1-2: Strikes out swinging
Batting: RHB Jim Unknown 0-0: Fly out, F8 (Line Drive, 8LM)
Top of the 11th over - 0 run(s), 0 hit(s), 0 error(s), 0 left on base; Tacoma 3 - San Antonio 3
BOTTOM OF THE 11TH
San Antonio BC batting - Pitching for Tacoma Fur Traders : RHP Jim Unknown
Batting: RHB Bobby Buck 0-0: Ball
1-0: Foul Ball, location: 2F
1-1: Ball
2-1: Called Strike
2-2: Foul Ball, location: 2F
2-2: Foul Ball, location: 2F
2-2: Strikes out swinging
Batting: RHB António Alvarado 0-0: Ball
1-0: Called Strike
1-1: Ground out 5-3 (Groundball, 5)
Batting: RHB Morton Kelly 0-0: Ball
1-0: Ball
2-0: Called Strike
2-1: Foul Ball, location: 2F
2-2: Foul Ball, location: 2F
2-2: Strikes out swinging
Bottom of the 11th over - 0 run(s), 0 hit(s), 0 error(s), 0 left on base; Tacoma 3 - San Antonio 3
TOP OF THE 12TH
Tacoma Fur Traders batting - Pitching for San Antonio BC : RHP Mike Lindsay
Pitching: RHP Sean Harding
Pinch Hitting: SHB Artie Hemming 0-0: Called Strike
0-1: Swinging Strike
0-2: Foul Ball, location: 2F
0-2: Ball
1-2: Fly out, F7 (Flyball, 7M)
Batting: RHB Ronald Hines 0-0: Ball
1-0: Called Strike
1-1: Foul Ball, location: 2F
1-2: Strikes out swinging
Batting: RHB Tony Romero 0-0: Ball
1-0: Ball
2-0: Ball
3-0: Base on Balls
Batting: RHB Mike Daniels 0-0: Ball
1-0: Foul Ball, location: 2F
1-1: Foul Ball, location: 2F
1-2: Ground out 5-3 (Groundball, 5S)
Top of the 12th over - 0 run(s), 0 hit(s), 0 error(s), 1 left on base; Tacoma 3 - San Antonio 3
BOTTOM OF THE 12TH
San Antonio BC batting - Pitching for Tacoma Fur Traders : RHP Jim Unknown
Pitching: RHP Jim Unknown
Now at 1B: Artie Hemming
Batting: RHB José Muńóz 0-0: Ball
1-0: Ball
2-0: Foul Ball, location: 2F
2-1: DOUBLE (Flyball, 89D)
Batting: RHB Ludovico Trezza 0-0: Called Strike
0-1: Ball
1-1: Swinging Strike
1-2: Strikes out swinging
Batting: SHB Lionel Merlet 0-0: Ball
José Muńóz steals 3rd base
1-0: Intentional Walk
Batting: LHB António Rivera 0-0: Ball
1-0: Called Strike
1-1: Ball
2-1: Foul Ball, location: 2F
2-2: Strikes out swinging
Lionel Merlet steals 2nd base
Batter strikes out.
Batting: RHB Jim Unknown 0-0: Swinging Strike
0-1: Ball
1-1: Called Strike
1-2: Ground out 6-3 (Groundball, 6)
Bottom of the 12th over - 0 run(s), 1 hit(s), 0 error(s), 2 left on base; Tacoma 3 - San Antonio 3
TOP OF THE 13TH
Tacoma Fur Traders batting - Pitching for San Antonio BC : RHP Sean Harding
Batting: LHB Jim Unknown 0-0: Fly out, F9 (Flyball, 9LSF)
Batting: RHB Mario Castillo 0-0: Called Strike
0-1: Called Strike
0-2: Foul Ball, location: 2F
0-2: Ball
1-2: Strikes out looking
Batting: RHB Cristo González 0-0: Ball
1-0: Foul Ball, location: 2F
1-1: Ball
2-1: Ball
3-1: Ground out 5-3 (Groundball, 56S)
Top of the 13th over - 0 run(s), 0 hit(s), 0 error(s), 0 left on base; Tacoma 3 - San Antonio 3
BOTTOM OF THE 13TH
San Antonio BC batting - Pitching for Tacoma Fur Traders : RHP Jim Unknown
Batting: RHB Micah Miller 0-0: Ground out 6-3 (Groundball, 56)
Batting: RHB Bobby Buck 0-0: Called Strike
0-1: SINGLE (Groundball, 5S)
Batting: RHB António Alvarado 0-0: Called Strike
0-1: Swinging Strike
0-2: Ball
1-2: Ball
2-2: Strikes out swinging
Batting: RHB Morton Kelly 0-0: Called Strike
0-1: Swinging Strike
0-2: Ball
1-2: Foul Ball, location: 2F
1-2: Ball
2-2: Ball
3-2: Strikes out looking
Bottom of the 13th over - 0 run(s), 1 hit(s), 0 error(s), 1 left on base; Tacoma 3 - San Antonio 3
TOP OF THE 14TH
Tacoma Fur Traders batting - Pitching for San Antonio BC : RHP Sean Harding
Batting: RHB Gonzalo Manuel 0-0: SOLO HOME RUN (Flyball, 7D), Distance : 386 ft
Batting: RHB Jim Unknown 0-0: Ball
1-0: Fly out, F7 (Popup, 6MD)
Batting: SHB Artie Hemming 0-0: Foul Ball, location: 2F
0-1: Swinging Strike
0-2: Strikes out looking
Batting: RHB Ronald Hines 0-0: Foul Ball, location: 2F
0-1: Swinging Strike
0-2: Fly out, F7 (Line Drive, 7M)
Top of the 14th over - 1 run(s), 1 hit(s), 0 error(s), 0 left on base; Tacoma 4 - San Antonio 3
BOTTOM OF THE 14TH
San Antonio BC batting - Pitching for Tacoma Fur Traders : RHP Jim Unknown
Batting: RHB José Muńóz 0-0: Called Strike
0-1: Called Strike
0-2: Fly out, F5 (Popup, 5S)
Batting: RHB Ludovico Trezza 0-0: Called Strike
0-1: Ball
1-1: Foul Ball, location: 2F
1-2: Strikes out swinging
Batting: SHB Lionel Merlet 0-0: Called Strike
0-1: Ball
1-1: Ball
2-1: Ball
3-1: Base on Balls
Batting: LHB António Rivera 0-0: Ball
1-0: Ball
2-0: Ball
3-0: Base on Balls
Lionel Merlet to second
Batting: RHB Jim Unknown 0-0: Ball
1-0: Foul Ball, location: 2F
1-1: Called Strike
1-2: Strikes out looking
Bottom of the 14th over - 0 run(s), 0 hit(s), 0 error(s), 2 left on base; Tacoma 4 - San Antonio 3
This league is powered by Out of the Park Baseball, the baseball management simulation game for PC, Mac and Linux
Friday, January 22nd, 2016 - OOTP Baseball 16.9 Build 39